 Dungeon Crawl Stone Soup version 0.31-a0-303-gdc8c9485ea (webtiles) character file.

Game seed: 5094126182169514221

93 cforsyth the Covered (level 5, -4/46 HPs)
             Began as a Meteoran Fighter on July 17, 2023.
             Slain by an ice beast (11 damage)
             ... on level 6 of the Dungeon.
             The game lasted 00:04:06 (869 turns).

cforsyth the Covered (Meteoran Fighter)              Turns: 869, Time: 00:04:07

Health: -4/46      AC:  7    Str: 19    XL:     5   Next: 15%
Magic:  6/6        EV:  9    Int:  9    God:
Gold:   77         SH:  5    Dex: 14    Spells: 4/4 levels left

rFire   . . .        a - +0 flail
rCold   . . .        c - +0 buckler
rNeg    . . .        b - +0 scale mail
rPois   .            (no helmet)
rElec   .            (no cloak)
rCorr   .            (no gloves)
SInv    .            (no boots)
Will    .....        (no amulet) Stlth
                     (no ring)
HPRegen 0.27/turn    (no ring)
MPRegen 0.10/turn

%: no passive effects
@: mighty, glowing
A: sense surroundings 1, otherworldly, glowing, explore regen
a: no special abilities


You were on level 6 of the Dungeon.
You visited 1 branch of the dungeon, and saw 6 of its levels.

You collected 77 gold pieces.

Inventory:

Hand Weapons
 a - a +0 flail (weapon)
Armour
 b - a +0 scale mail (worn)
 c - a +0 buckler (worn)
Talismans
 g - a beast talisman
Wands
 n - a wand of paralysis (6)
Scrolls
 e - a scroll of noise {unknown}
 f - a scroll of blinking {unknown}
 h - a scroll of immolation {unknown}
 j - 4 scrolls of identify {unknown}
 o - a scroll of enchant armour {unknown}
 p - a scroll of revelation {unknown}
Potions
 i - a potion of lignification {unknown}
 k - a potion of heal wounds {unknown}
 l - a potion of curing
 m - a potion of resistance {unknown}


   Skills:
 + Level 4.0 Fighting
 + Level 3.9 Maces & Flails
 + Level 4.4 Armour
 + Level 4.4 Shields


You had 4 spell levels left.
You didn't know any spells.
Your spell library contained the following spells:

 Spells                   Type           Power      Damage    Failure   Level
 Magic Dart               Conj           0%         1d3       82%         1
 Searing Ray              Conj           0%         2d4       91%         2
 Wereblood                Tmut           0%         N/A       91%         2
 Gell's Gravitas          Tloc           0%         N/A       99%         3
 Teleport Other           Tloc           0%         N/A       99%         3
 Fulminant Prism          Conj/Hex       0%         3d5       100%        4
 Irradiate                Conj/Tmut      0%         3d11      100%        5
 Dispersal                Tloc           0%         N/A       100%        6


Dungeon Overview and Level Annotations

Branches:
Dungeon (7/15) Zot: 2694
 Temple: D:4-7

Altars:

Annotations:
D:6 Prince Ribbit


Innate Abilities, Weirdness & Mutations

You passively map a small area around you.
You are easily found by Zot.
You glow in the dark.
You regain HP and MP as you explore.


Message History

You are too injured to fight recklessly!
You are too injured to fight recklessly!
You are too injured to fight recklessly!
You are too injured to fight recklessly!
You are too injured to fight recklessly!
You are too injured to fight recklessly!
You are too injured to fight recklessly!
You miss Prince Ribbit.
Prince Ribbit is lightly wounded.
You block Prince Ribbit's attack.
You barely miss Prince Ribbit.
Prince Ribbit is lightly wounded.
Prince Ribbit hits you.
* * * LOW HITPOINT WARNING * * *
Prince Ribbit blinks!
Prince Ribbit blinks!
Okay, then.
It was a potion of curing.
You feel better.
Prince Ribbit blinks!
You feel very mighty all of a sudden.
An ice beast comes into view.
You are too injured to fight recklessly!
You closely miss Prince Ribbit.
Prince Ribbit is lightly wounded.
Prince Ribbit blinks!
You miss Prince Ribbit.
Prince Ribbit is lightly wounded.
Prince Ribbit barely misses you.
You closely miss Prince Ribbit.
Prince Ribbit is lightly wounded.
Prince Ribbit hits you.
* * * LOW HITPOINT WARNING * * *
Prince Ribbit hits you but does no damage.
You sock the ice beast!
The ice beast is moderately wounded.
Prince Ribbit blinks!
The ice beast completely misses you. The ice beast hits you.
* * * LOW HITPOINT WARNING * * *
The ice beast freezes you!
You die...

####....#.#
,
.........#.#
########.#.#
......#.#.#
, #...#'#.#
* * #....#
,, #....# *
#....#####*
* ,
*#.@ยง......
,+..Y######
, #...# ,
#.F.# * ,, *
#...# , ,
#...#* *
##... , , *
#.### , , ,


You could see Prince Ribbit and an ice beast.

Vanquished Creatures
  Terence (D:3)
  A gnoll (D:1)
  2 adders
  A worm (D:2)
  4 orcs (D:6)
  7 ball pythons
  3 endoplasms
  A goblin (D:4)
  3 hobgoblins
  A quokka (D:2)
  3 bats
  2 frilled lizards
  3 kobolds
  2 rats
34 creatures vanquished.

Notes
Turn   | Place    | Note
-------+----------+-------------------------------------------
     0 | D:1      | cforsyth the Meteoran Fighter began the quest for the Orb.
     0 | D:1      | Reached XP level 1. HP: 19/19 MP: 2/2
   199 | D:1      | Reached XP level 2. HP: 19/26 MP: 3/3
   231 | D:1      | Reached XP level 3. HP: 29/31 MP: 4/4
   495 | D:3      | Noticed Terence
   502 | D:3      | Killed Terence
   503 | D:3      | Reached XP level 4. HP: 32/40 MP: 5/5
   621 | D:2      | Found a faded altar of an unknown god.
   782 | D:4      | Reached XP level 5. HP: 46/46 MP: 6/6
   808 | D:4      | You fall into a shaft and drop 3 floors!
   851 | D:6      | Noticed Prince Ribbit
   863 | D:6      | Noticed an ice beast
   869 | D:6      | Slain by an ice beast

Illustrated notes

Levels and vault maps discovered:
D:1:      lightli_arrival_noodles, layout_loops_ring
D:2:      layout_basic, basic_ecumenical_altar
D:3:      layout_loops_corners, uniq_terence, uniq_ijyb, uniq_natasha
D:4:      layout_rooms, mainiacjoe_overflow_surrounded_room,
          gup_sewer_entry_bowl, item_on_display_a
D:6:      layout_basic, lemuel_crystal_altar, uniq_prince_ribbit1, uniq_duvessa
D:7:      layout_rooms, nicolae_overflow_hidden_temple, serial_shops, shop,
          enter_bailey_3, minmay_fractal_squares_gapless_5

Skill      XL: |  1  2  3  4 |
---------------+-------------+-----
Maces & Flails | 3 |  3.9
Armour         | 4 |  4.4
Shields        | 4 |  4.4
Fighting       | 4 |  4.0

Action                     |  1- 3 |  4- 6 || total
---------------------------+-------+-------++-------
  Melee: Flail             |    80 |    45 ||   125
    Use: Potion            |       |     2 ||     2
 Armour: Scale mail        |    49 |    21 ||    70
  Dodge: Dodged            |    25 |    16 ||    41
  Block: Buckler           |    22 |     9 ||    31

Table legend: (Time is in decaauts)
 A = Elapsed time spent in this place.
 B = Non-inter-level travel time spent in this place.
 C = Inter-level travel time spent in this place.
 D = Time resting spent in this place.
 E = Time spent auto-exploring this place.
 F = Levels seen in this place.
 G = Mean time per level.
                   A        B        C        D        E       F      G
               +--------+--------+--------+--------+--------+-----+--------+
         Total |    903 |    903 |      0 |      0 |      0 |   6 |  150.5 |
       Dungeon |    903 |    903 |      0 |      0 |      0 |   6 |  150.5 |
               +--------+--------+--------+--------+--------+-----+--------+

Top non-repeatable levels by time:
     D:2: 403 daAuts
     D:1: 266 daAuts
     D:3: 127 daAuts
     D:6: 51 daAuts
     D:4: 42 daAuts
     D:7: 12 daAuts
